 Dungeon Crawl Stone Soup version 0.21-a0-404-g291f19a (webtiles) character file.

10536 Moloch the Arsonist (level 11, -12/68 HPs)
             Began as a Demonspawn Wizard on Oct 27, 2017.
             Was a Believer of Vehumet.
             Splashed by Maurice's acid (17 damage)
             ... on level 11 of the Dungeon.
             The game lasted 00:46:32 (15228 turns).

Moloch the Arsonist (Demonspawn Wizard)            Turns: 15228, Time: 00:46:33

Health: -12/68     AC:  6    Str:  9    XL:     11   Next: 37%
Magic:  36/38      EV: 13    Int: 22    God:    Vehumet [**....]
Gold:   484        SH:  2    Dex: 11    Spells: 14/27 levels left

rFire    + . .     SeeInvis .   F - staff of power
rCold    . . .     Gourm    .   (no shield)
rNeg     . . .     Faith    .   B - +0 troll leather armour
rPois    .         Spirit   .   b - +0 hat
rElec    .         Reflect  +   u - +1 cloak
rCorr    .         Harm     .   (no gloves)
MR       +....                  (no boots)
Stlth    +.........             i - +2 amulet of reflection
HPRegen  0.61/turn              e - ring of wizardry
MPRegen  0.26/turn              M - ring of protection from magic

@: no status effects
A: talons 2, repulsion field 1, fire resistance 1, powered by pain 2, flame
cloud immunity
a: Renounce Religion


You were on level 11 of the Dungeon.
You worshipped Vehumet.
Vehumet was pleased with you.
You were not hungry.

You visited 4 branches of the dungeon, and saw 15 of its levels.

You collected 484 gold pieces.

Inventory:

Hand Weapons
 j - a +1 hand axe of freezing
Missiles
 x - 8 throwing nets (quivered)
Armour
 b - a +0 hat (worn)
 h - a +2 large shield
 u - a +1 cloak (worn)
 B - a +0 troll leather armour (worn)
 P - the +1 scale mail "Anly" {-Tele Int+3 Slay+2, unknown}
   (You found it on level 1 of the Lair of Beasts)

   It affects your intelligence (+3).
   It affects your accuracy and damage with ranged weapons and melee attacks
   (+2).
   It prevents most forms of teleportation.
Magical Staves
 F - an uncursed staff of power (weapon)
Jewellery
 e - a ring of wizardry (left hand)
 i - a +2 amulet of reflection (around neck)
 t - an uncursed ring of fire
 y - a +5 ring of intelligence
 M - a ring of protection from magic (right hand)
Wands
 k - a wand of flame (16/48)
 J - a wand of acid (0/15)
 L - a wand of enslavement (3/24)
 Q - a wand of paralysis (11/24)
Scrolls
 a - a scroll of fear {unknown}
 l - 3 scrolls of amnesia {unknown}
 n - 2 scrolls of noise {unknown}
 o - 3 scrolls of blinking {unknown}
 q - 3 scrolls of enchant weapon {unknown}
 r - 2 scrolls of teleportation {unknown}
 v - 4 scrolls of remove curse {unknown}
 w - 3 scrolls of fog
 z - 2 scrolls of magic mapping {unknown}
 D - 3 scrolls of holy word {unknown}
 O - a scroll of immolation {unknown}
Potions
 f - 3 potions of lignification
 m - 2 potions of haste
 p - 4 potions of curing
 s - 2 potions of magic
 A - a potion of mutation
 C - a potion of cancellation {unknown}
 E - 2 potions of brilliance
 H - a potion of invisibility
 I - 2 potions of might
 N - 3 potions of resistance
Books
 c - a book of Minor Magic

   Spells                             Type                      Level
   a - Magic Dart                     Conjuration                  1
   b - Blink                          Translocation                2
   c - Call Imp                       Summoning                    2
   d - Slow                           Hexes                        2
   e - Conjure Flame                  Conjuration/Fire             3
   f - Mephitic Cloud                 Conjuration/Poison/Air       3
 G - a book of Necromancy

   Spells                             Type                      Level
   a - Pain                           Necromancy                   1
   b - Animate Skeleton               Necromancy                   1
   c - Vampiric Draining              Necromancy                   3
   d - Regeneration                   Charms/Necromancy            3
   e - Animate Dead                   Necromancy                   4
   f - Control Undead                 Necromancy                   4
Comestibles
 d - 9 bread rations
 g - 6 royal jellies
 K - 3 meat rations
 R - 4 chunks of flesh


   Skills:
 - Level 1.7 Dodging
 - Level 1.7 Stealth
 * Level 8.9 Spellcasting
 * Level 9.1 Conjurations
 - Level 1.0 Summonings
 - Level 0.8 Translocations
 + Level 11.6 Fire Magic


You had 14 spell levels left.
You knew the following spells:

 Your Spells              Type           Power        Failure   Level  Hunger
a - Magic Dart            Conj           ####         1%          1    None
b - Blink                 Tloc           N/A          4%          2    None
c - Call Imp              Summ           ##......     4%          2    None
d - Mephitic Cloud        Conj/Pois/Air  ###.....     3%          3    None
e - Conjure Flame         Conj/Fire      ######..     1%          3    None
f - Slow                  Hex            #.......     6%          2    None


Dungeon Overview and Level Annotations

Branches:
Dungeon (11/15)            Temple (1/1) D:7            Lair (2/6) D:9
    Orc (1/2) D:11
  Swamp: Lair:2-4    Shoals: Lair:2-4     Snake: Lair:2-4    Spider: Lair:2-4

Altars:
Elyvilon
Gozag
Hepliaklqana
Makhleb
Nemelex Xobeh
Trog
Vehumet
The Shining One

Annotations:
D:1 exclusion: gnoll
D:5 2 transporters
D:6 Ontamu's ghost, novice GnCj
Lair:2 Fannar
Orc:1 Maurice


Innate Abilities, Weirdness & Mutations

You have razor-sharp toenails.
You are surrounded by a mild repulsion field. (EV +2)
Your flesh is heat resistant. (rF+)
You sometimes gain power by taking damage.
You are immune to clouds of flame.


Message History

You hear a zap.
A bolt of acid appears from out of thin air!
Deactivating autopickup; reactivate with Ctrl-A.
The bolt of acid hits you!
You focus on the pain.
You feel your power returning.
You are splashed with acid!
The acid burns!
* * * LOW HITPOINT WARNING * * *
Things that are here:
a robe; a battleaxe of freezing
Casting: Mephitic Cloud
Confirm with . or Enter, or press ? or * to list all spells.
Aiming: Mephitic Cloud
Press: ? - help, Shift-Dir - straight line The ball explodes into a vile cloud!
Unknown command.
You hear a zap.
A bolt of acid appears from out of thin air!
The bolt of acid hits you!
* * * LOW HITPOINT WARNING * * *
You are splashed with acid!
The acid burns!
You die...

#.# #.#+####....##....##..#
#.# #......#..............#
#.# #......#..............#
#.# #....#.#....##........#
#.# #....#.'....##....##..#
#.# #......#....##+#####..#
#.# #.######..............#
#.# #.#...########........#
#.###.#...#<.@.[.###'###..#
#.....#...'..###ยงยงยง.)..#..#
#.....#...#..........>.#..#
#..#..#...#.........#..#..#
#..#..#...#####'#......####
#.....#...##....#####'#####
#.....#...##....##........#
#..##.#.........##........#
#.....#.........##........#


There were no monsters in sight!

Vanquished Creatures
  A hydra (Lair:1)
  Harold (Lair:1)
  Erica (D:10)
  3 two-headed ogres (D:8)
  A merfolk (D:9)
  A troll (D:10)
  Grinder (D:3)
  2 hornets
  10 yaks
  3 water moccasins (Lair:1)
  A porcupine (Lair:1)
  A hornet zombie (D:10)
  2 sky beasts
  3 ice beasts
  2 orc warriors
  A necrophage (D:10)
  A black bear (D:10)
  4 ogres
  3 phantoms
  A centaur (D:9)
  A crocodile (Lair:1)
  10 bullfrogs
  2 scorpions
  2 water moccasin skeletons
  6 killer bees (D:10)
  9 wights
  2 howler monkeys (D:9)
  An electric eel (Lair:1)
  6 crimson imps
  A quasit (D:10)
  2 bullfrog zombies
  A hound (D:5)
  A jelly (D:9)
  A centaur skeleton (D:6)
  3 orc priests
  7 orc wizards
  2 iguanas
  2 worker ants (D:6)
  A hound zombie (D:5)
  A worker ant zombie (D:5)
  8 gnolls
  12 adders
  4 shadow imps
  2 adder skeletons (D:4)
  4 worms
  3 dart slugs
  6 leopard geckos
  36 orcs
  3 ball pythons (D:2)
  17 giant cockroaches
  2 goblins (D:1)
  7 hobgoblins
  9 jackals
  6 quokkas
  A ball python skeleton (D:5)
  3 bats
  6 frilled lizards
  11 kobolds
  A quokka zombie (D:8)
  7 rats
252 creatures vanquished.

Vanquished Creatures (collateral kills)
  A troll (D:10)
  A water moccasin (D:9)
  An orc warrior (D:6)
  A big kobold (D:7)
  2 bullfrogs
  2 wights (D:7)
  A hound (D:4)
  An orc priest (D:6)
  A worker ant (D:2)
  A gnoll (D:1)
  An adder (D:2)
  4 orcs
  A kobold (D:7)
18 creatures vanquished.

Vanquished Creatures (others)
  A wizard (D:10)
  A bush (Lair:1)
2 creatures vanquished.

Grand Total: 272 creatures vanquished

Notes
Turn   | Place    | Note
-------+----------+-------------------------------------------
     0 | D:1      | Moloch the Demonspawn Wizard began the quest for the Orb.
     0 | D:1      | Reached XP level 1. HP: 13/13 MP: 4/4
   404 | D:1      | Gained mutation: Your flesh is heat resistant. (rF+) [demonic ancestry]
   404 | D:1      | Reached XP level 2. HP: 19/19 MP: 0/6
   408 | D:1      | Learned a level 2 spell: Blink
   411 | D:1      | Learned a level 2 spell: Call Imp
   941 | D:1      | Found a sparkling altar of Nemelex Xobeh.
  1103 | D:1      | Gained mutation: You are immune to clouds of flame. [demonic ancestry]
  1103 | D:1      | Reached XP level 3. HP: 7/24 MP: 1/7
  1361 | D:2      | Learned a level 3 spell: Mephitic Cloud
  1666 | D:2      | Reached XP level 4. HP: 10/30 MP: 2/8
  2147 | D:3      | Noticed Grinder
  2147 | D:3      | Paralysed by Grinder for 3 turns
  3107 | D:3      | Paralysed by Grinder for 6 turns
  3114 | D:3      | Paralysed by Grinder for 3 turns
  3121 | D:3      | Paralysed by Grinder for 6 turns
  3132 | D:3      | Paralysed by Grinder for 6 turns
  3142 | D:3      | Killed Grinder
  3142 | D:3      | Reached skill level 5 in Conjurations
  3142 | D:3      | Gained mutation: You are surrounded by a mild repulsion field. (EV +2) [demonic ancestry]
  3142 | D:3      | Reached XP level 5. HP: 35/35 MP: 0/11
  3142 | D:3      | Reached XP level 6. HP: 41/41 MP: 0/12
  3316 | D:4      | Learned a level 3 spell: Conjure Flame
  3319 | D:4      | Learned a level 2 spell: Slow
  3638 | D:4      | Reached skill level 5 in Spellcasting
  3688 | D:4      | Gained mutation: You sometimes gain a little power by taking damage. [demonic ancestry]
  3688 | D:4      | Reached XP level 7. HP: 43/46 MP: 7/14
  4368 | D:5      | Entered Level 5 of the Dungeon
  4634 | D:5      | Found a transporter.
  4676 | D:5      | Reached skill level 1 in Fire Magic
  4985 | D:4      | Reached XP level 8. HP: 34/52 MP: 8/17
  5103 | D:5      | Found a burning altar of Makhleb.
  5181 | D:5      | Found a transporter.
  5503 | D:6      | Noticed Ontamu's ghost (novice GnCj)
  5888 | D:5      | Reached skill level 2 in Fire Magic
  7537 | D:7      | Gained mutation: You sometimes gain power by taking damage. [demonic ancestry]
  7537 | D:7      | Reached XP level 9. HP: 44/57 MP: 8/20
  7745 | D:7      | Found an opulent altar of Gozag.
  7837 | D:7      | Reached skill level 3 in Fire Magic
  8036 | D:7      | Found a staircase to the Ecumenical Temple.
  8045 | Temple   | Entered the Ecumenical Temple
  8051 | Temple   | Became a worshipper of Vehumet
  8419 | D:8      | Noticed a two-headed ogre
  8432 | D:8      | Killed a two-headed ogre
  8432 | D:8      | Reached skill level 4 in Fire Magic
  8554 | D:8      | Noticed a two-headed ogre
  8571 | D:8      | Killed a two-headed ogre
  8571 | D:8      | Reached skill level 6 in Fire Magic
  8802 | D:8      | Noticed a two-headed ogre
  9181 | D:8      | Reached skill level 7 in Fire Magic
  9360 | D:8      | Reached * piety under Vehumet
  9360 | D:8      | Offered knowledge of Sandblast by Vehumet.
  9504 | D:8      | Killed a two-headed ogre
  9504 | D:8      | Reached skill level 8 in Fire Magic
  9504 | D:8      | Gained mutation: You have sharp toenails. [demonic ancestry]
  9504 | D:8      | Reached XP level 10. HP: 63/63 MP: 0/21
 10106 | D:9      | Found a staircase to the Lair.
 10877 | D:9      | Reached skill level 9 in Fire Magic
 11204 | D:10     | Entered Level 10 of the Dungeon
 11559 | D:10     | Noticed Erica
 11568 | D:10     | Killed Erica
 11568 | D:10     | Offered knowledge of Freeze by Vehumet.
 11568 | D:10     | Reached skill level 10 in Fire Magic
 11614 | D:9      | Reached ** piety under Vehumet
 12443 | D:10     | Found a bloodstained altar of Trog.
 12445 | D:10     | Noticed a wizard
 12450 | D:10     | Killed a wizard
 13013 | D:11     | Reached skill level 11 in Fire Magic
 13030 | D:11     | Found a staircase to the Orcish Mines.
 13282 | D:11     | Gained mutation: You have razor-sharp toenails. [demonic ancestry]
 13282 | D:11     | Reached XP level 11. HP: 68/68 MP: 22/22
 13762 | Lair:1   | Entered Level 1 of the Lair of Beasts
 13979 | Lair:1   | Noticed Harold
 14138 | Lair:1   | Killed Harold
 14289 | Lair:1   | Noticed a six-headed hydra
 14314 | Lair:1   | Killed a six-headed hydra
 14314 | Lair:1   | Offered knowledge of Throw Frost by Vehumet.
 14438 | Lair:1   | Got a steaming scale mail
 14897 | Lair:2   | Noticed Fannar
 15130 | Orc:1    | Entered Level 1 of the Orcish Mines
 15149 | Orc:1    | Noticed Maurice
 15228 | D:11     | Splashed by Maurice's acid

Vault maps used:
D:1:      dpeg_arrival_refuge, minmay_strange_pillars, minmay_misc_feat_x,
          nemelex_diamond_rough_becter
D:2:      first_bread
D:3:      minmay_roachtagon, uniq_grinder
D:5:      gammafunk_cloud_chamber, makhleb_heckhound_becter,
          kennysheep_generic_room_14
D:7:      temple_hall, grunt_gozag_breadcrumbs
D:9:      dpeg_oklobed_lair, hangedman_fish_farm
D:10:     minmay_large_rounded_square, grunt_ministairs_14,
          minmay_misc_feat_ornament, trog_wizard, uniq_erica
D:11:     orc_0_dummy
Temple:   nicolae_temple_the_god_donut
Lair:1:   infiniplex_staircase_pool, uniq_harold
Lair:2:   uniq_fannar
Orc:1:    serial_shops, nicolae_shop_trees, uniq_maurice

Skill      XL: |  1  2  3  4  5  6  7  8  9 10 11 |
---------------+----------------------------------+-----
Conjurations   | 2 3 5 7 8 9 |  9.1
Spellcasting   | 4 5 6 7 8 |  8.9
Fire Magic     | 1 2 8 11 | 11.6
Dodging        | |  1.7
Stealth        | |  1.7
Summonings     | |  1.0
Translocations | |  0.8

Action                   |  1- 3 |  4- 6 |  7- 9 | 10-12 || total
-------------------------+-------+-------+-------+-------++-------
Melee: Spear             |    25 |       |       |       ||    25
       Unarmed           |     1 |       |       |       ||     1
       Hand axe          |     7 |    38 |    40 |    14 ||    99
       Staff             |       |       |       |    17 ||    17
       Kick              |       |       |       |     8 ||     8
 Cast: Magic Dart        |    63 |    81 |   340 |   332 ||   816
       Call Imp          |     3 |    14 |    79 |    54 ||   150
       Mephitic Cloud    |     1 |     5 |    31 |    43 ||    80
       Conjure Flame     |       |       |    10 |    28 ||    38
       Blink             |       |       |     1 |     2 ||     3
Evoke: Wand              |       |       |     8 |     6 ||    14
  Use: Potion            |       |     5 |       |       ||     5
       Scroll            |       |       |     1 |     9 ||    10
 Stab: Confused          |       |       |     1 |     1 ||     2
  Eat: Chunk             |     2 |     6 |    17 |    12 ||    37
       Fruit             |       |       |     2 |     2 ||     4
       Royal jelly       |       |       |       |     2 ||     2
Armor: Robe              |     3 |     6 |    14 |     6 ||    29
       Skin              |       |    11 |       |       ||    11
       Troll leather arm |       |       |       |     6 ||     6
Dodge: Dodged            |    23 |    26 |    71 |    78 ||   198
Block: Other             |     1 |     4 |    11 |     4 ||    20

Table legend:
 A = Spawn XP
 B = Non-spawn XP
 C = Spawn XP percentage of total XP
 D = Spawn monster count
 E = Non-spawn monster count
 F = Spawn count percentage of total count
 G = Total turns spent on level
                    A         B        C        D         E        F      G
               +---------+---------+-------+---------+---------+-------+---------
         Total |       0 |   15052 |   0.0 |       0 |     270 |   0.0 | 15228
               +---------+---------+-------+---------+---------+-------+---------
           D:1 |       0 |      47 |   0.0 |       0 |      20 |   0.0 |  1265
           D:2 |       0 |      65 |   0.0 |       0 |      19 |   0.0 |   849
           D:3 |       0 |     368 |   0.0 |       0 |      28 |   0.0 |  1546
           D:4 |       0 |     673 |   0.0 |       0 |      27 |   0.0 |  1042
           D:5 |       0 |     466 |   0.0 |       0 |      18 |   0.0 |  1139
           D:6 |       0 |     805 |   0.0 |       0 |      28 |   0.0 |  1286
           D:7 |       0 |     735 |   0.0 |       0 |      28 |   0.0 |  1394
           D:8 |       0 |    2999 |   0.0 |       0 |      29 |   0.0 |  1636
           D:9 |       0 |    1222 |   0.0 |       0 |      23 |   0.0 |  1415
          D:10 |       0 |    2888 |   0.0 |       0 |      23 |   0.0 |  1711
          D:11 |       0 |    1841 |   0.0 |       0 |      14 |   0.0 |   636
        Lair:1 |       0 |    2804 |   0.0 |       0 |      10 |   0.0 |  1191
        Lair:2 |       0 |     134 |   0.0 |       0 |       1 |   0.0 |    65
         Orc:1 |       0 |       5 |   0.0 |       0 |       2 |   0.0 |    40
               +---------+---------+-------+---------+---------+-------+---------
